 Dungeon Crawl Stone Soup version 0.30.0-5-g1a98f26d00 (webtiles) character file.

Game seed: 18245392932617308391

298 GigaChad the Shield-Bearer (level 6, -6/49 HPs)
             Began as a Formicid Fighter on May 12, 2023.
             Was a Follower of Elyvilon.
             Mangled by a gnoll sergeant
             ... wielding a +0 spear
              (10 damage)
             ... on level 4 of the Dungeon.
             The game lasted 00:03:49 (2850 turns).

GigaChad the Shield-Bearer (Formicid Fighter)       Turns: 2850, Time: 00:03:49

Health: -6/49      AC:  7    Str: 23    XL:     6   Next: 63%
Magic:  6/6        EV:  9    Int:  7    God:    Elyvilon [*.....]
Gold:   110        SH:  6    Dex: 19    Spells: 5/5 levels left

rFire   . . .        a - +0 war axe
rCold   . . .        c - +0 buckler
rNeg    . . .        b - +0 scale mail
rPois   .            (helmet unavailable)
rElec   .            (no cloak)
rCorr   .            (no gloves)
SInv    +            (no boots)
Will    .....        (no amulet) Stlth
                     g - +6 ring of dexterity
HPRegen 0.28/turn    (no ring)
MPRegen 0.10/turn

%: no passive effects
@: no status effects
A: permanent stasis, dig shafts and tunnels, antennae 3, four strong arms
a: Dig, Shaft Self, Renounce Religion, Purification


You were on level 4 of the Dungeon.
You worshipped Elyvilon.
Elyvilon was aware of your devotion.
You visited 1 branch of the dungeon, and saw 4 of its levels.

You collected 110 gold pieces.

Inventory:

Hand Weapons
 a - a +0 war axe (weapon)
Armour
 b - a +0 scale mail (worn)
 c - a +0 buckler (worn)
Jewellery
 g - a +6 ring of dexterity (left hand)
Wands
 h - a wand of roots (6)
Scrolls
 e - 2 scrolls of fog
 k - a scroll of teleportation {unknown}
 m - a scroll of butterflies {unknown}
 n - 3 scrolls of fear {unknown}
 r - a scroll of poison {unknown}
Potions
 d - a potion of might
 f - a potion of lignification {unknown}
 i - a potion of mutation {unknown}
 j - a potion of haste {unknown}
 l - a potion of heal wounds {unknown}
 o - a potion of curing {unknown}
 p - a potion of degeneration {unknown}
 q - 2 potions of flight {unknown}


   Skills:
 * Level 4.3 Fighting
 * Level 4.5 Axes
 * Level 4.7 Armour
 * Level 5.0 Shields


You had 5 spell levels left.
You didn't know any spells.
Your spell library contained the following spells:

 Spells                   Type           Power      Damage    Failure   Level
 Kiss of Death            Conj/Necr      0%         2d5       80%         1
 Call Canine Familiar     Summ           0%         N/A       99%         3
 Confusing Touch          Hex            0%         N/A       99%         3
 Portal Projectile        Hex/Tloc       0%         N/A       99%         3
 Anguish                  Hex/Necr       0%         N/A       100%        4
 Dispel Undead            Necr           0%         3d6       100%        4
 Leda's Liquefaction      Hex/Erth       0%         N/A       100%        4
 Enfeeble                 Hex            0%         N/A       100%        7


Dungeon Overview and Level Annotations

Branches:
Dungeon (4/15)
 Temple: D:4-7

Altars:
Elyvilon


Innate Abilities, Weirdness & Mutations

You cannot be hasted, slowed, berserked, paralysed or teleported.
You can dig through walls and to a lower floor.
You have a pair of large antennae on your head. (SInv)
Your four strong arms can wield two-handed weapons with a shield.


Message History

A gnoll comes into view. It is wielding a +0 spear.
The gnoll shouts!
You hear a shout! x2
You hit the kobold but do no damage.
A gnoll comes into view. It is wielding a +0 club.
A gnoll sergeant comes into view. It is wielding a +0 spear.
The kobold hits you but does no damage.
You miss the kobold.
The gnoll sergeant shouts!
A gnoll comes into view. It is wielding a +0 flail.
The kobold hits you with a +0 short sword.
The kobold hits you but does no damage.
You barely miss the kobold.
A gnoll comes into view. It is wielding a +0 flail.
The gnoll closely misses you.
A hobgoblin comes into view.
The kobold hits you with a +0 short sword.
You barely miss the kobold. The kobold hits you but does no damage.
The gnoll hits you from afar with a +0 spear.
You barely miss the kobold.
The gnoll hits you from afar with a +0 spear.
The kobold hits you but does no damage. The kobold barely misses you.
Unknown command.
You hit the kobold but do no damage. The gnoll sergeant closely misses you.
The kobold hits you with a +0 short sword.
Unknown command.
You barely miss the kobold.
The gnoll sergeant hits you from afar with a +0 spear.
The kobold hits you with a +0 short sword.
* * * LOW HITPOINT WARNING * * *
Unknown command.
You closely miss the kobold. You hit the gnoll. You block the gnoll's attack.
The gnoll hits you from afar with a +0 spear.
* * * LOW HITPOINT WARNING * * *
The gnoll sergeant hits you from afar with a +0 spear.
* * * LOW HITPOINT WARNING * * *
You block the kobold's attack. The gnoll barely misses you.
The gnoll hits you with a +0 club. Elyvilon protects you from harm!
The gnoll sergeant hits you from afar with a +0 spear!
You die... ............ .......... ........ ......#### .g...#..#. .. ggg......

#.#####Kg......
##...#..@g......
...........#.#..!.
.................
#........).......
#................
#.......))......
.####.......#.#....
.......##..#####.##
.#.....<#..# ##


You could see a gnoll sergeant, 4 gnolls, a hobgoblin and a kobold.

Vanquished Creatures
  A scorpion (D:3)
  Natasha (thrice) (D:2)
  5 gnolls
  3 adders
  4 orcs
  5 ball pythons
  6 bats
  7 endoplasms
  4 giant cockroaches
  8 goblins
  9 hobgoblins
  6 quokkas
  4 frilled lizards
  9 kobolds
  8 rats
82 creatures vanquished.

Notes
Turn   | Place    | Note
-------+----------+-------------------------------------------
     0 | D:1      | GigaChad the Formicid Fighter began the quest for the Orb.
     0 | D:1      | Reached XP level 1. HP: 18/18 MP: 1/1
    49 | D:1      | Reached XP level 2. HP: 24/24 MP: 2/2
   242 | D:1      | Reached XP level 3. HP: 29/29 MP: 3/3
   664 | D:2      | Noticed Natasha
   670 | D:2      | Killed Natasha
   671 | D:2      | Reached XP level 4. HP: 16/37 MP: 4/4
   799 | D:2      | Noticed Natasha
   806 | D:2      | Killed Natasha
   830 | D:2      | Reached XP level 5. HP: 37/42 MP: 5/5
   975 | D:2      | Noticed Natasha
   990 | D:2      | Killed Natasha
  1369 | D:2      | Reached XP level 6. HP: 14/48 MP: 6/6
  2016 | D:3      | Found a faded altar of an unknown god.
  2027 | D:3      | Prayed at the altar of an unknown god.
  2027 | D:3      | Became a worshipper of Elyvilon the Healer
  2027 | D:3      | Reached * piety under Elyvilon
  2144 | D:3      | Found a white marble altar of Elyvilon.
  2215 | D:3      | Reached skill level 5 in Shields
  2850 | D:4      | Elyvilon protects you from harm!
  2850 | D:4      | Mangled by a gnoll sergeant

Illustrated notes

Levels and vault maps discovered:
D:1:      spicycebolla_green_bress_n_ham, layout_rooms
D:2:      layout_loops_cross, minmay_box_of_dots, uniq_natasha
D:3:      layout_basic, elyvilon_altar_5, hellmonk_ecumenical_altar_crossroads
D:4:      layout_cave_pools, grunt_dithmenos_smoke_and_mirrors, temple_pool_b,
          gammafunk_ghost_mausoleum, st_stairs_1, serial_bayou_pond_a

Skill      XL: |  1  2  3  4  5  6 |
---------------+-------------------+-----
Axes           | 3 4 |  4.5
Armour         | 4 |  4.7
Fighting       | 4 |  4.3
Shields        | 5 |  5.0

Action                     |  1- 3 |  4- 6 || total
---------------------------+-------+-------++-------
  Melee: War axe           |    94 |   118 ||   212
    Use: Scroll            |     2 |       ||     2
 Armour: Scale mail        |    71 |    50 ||   121
  Dodge: Dodged            |    64 |    61 ||   125
  Block: Buckler           |    36 |    37 ||    73
